[Event "44th Chess Olympiad Women 2022"]
[Site "Chennai"]
[Date "2022.08.06"]
[Round "8.67"]
[White "Marochkina, Nadezhda Valerevna"]
[Black "De Souza, Ivana Claudia Eyram"]
[Result "1-0"]
[WhiteElo "1687"]
[BlackElo "1167"]
[Annotator "NA RC"]
[PlyCount "121"]
[EventDate "2022.??.??"]
[TimeControl "60"]

1. d4 Nf6 2. c4 e5 3. dxe5 Ne4 4. Nf3 Bb4+ 5. Nbd2 O-O 6. a3 Nxd2 7. Bxd2 Bxd2+ 8. Qxd2 Nc6 9. g3 Re8 10. Bg2 Nxe5 11. Nxe5 Rxe5 12. O-O Qe7 13. e3 c6 14. Rfd1 b5 15. cxb5 Rxb5 16. b4 d5 17. Rac1 Bd7 18. e4 Rc8 19. exd5 cxd5 20. Rxc8+ Bxc8 21. Bxd5 Bb7 22. Bc4 Re5 23. Qd8+ Qf8 24. Qxf8+ Kxf8 25. f4 Re7 26. Bb5 f6 27. Rd8+ Kf7 28. f5 g6 29. Bc4+ Kg7 30. fxg6 hxg6 31. Bd5 Bxd5 32. Rxd5 Kf8 33. Rd6 Kf7 34. Kf2 Rc7 35. h4 Ke7 36. Rd3 Rc2+ 37. Ke3 f5 38. Kf4 Rc4+ 39. Ke5 Re4+ 40. Kd5 Kd7 41. Kc5+ Kc7 42. Rf3 Re5+ 43. Kc4 Re4+ 44. Kd5 Kd7 45. h5 gxh5 46. Rxf5 Re3 47. Rf7+ Ke8 48. Rxa7 Rxg3 49. b5 Rg5+ 50. Ke6 Kd8 51. a4 Rg6+ 52. Kf5 Rg3 53. Ke6 Kc8 54. a5 Kb8 55. b6 h4 56. Rh7 Ra3 57. Rh5 h3 58.
Kd6 h2 59. Rxh2 Rxa5 60. Kc6 Re5 61. Rh7 1-0

[Event "44th Chess Olympiad Women 2022"]
[Site "Chennai"]
[Date "2022.08.06"]
[Round "8.73"]
[White "Martins, Katlene Jussara"]
[Black "Inthavong, Maly"]
[Result "0-1"]
[WhiteElo "1287"]
[BlackElo "1231"]
[Annotator "NA RC"]
[PlyCount "42"]
[EventDate "2022.??.??"]
[TimeControl "60"]

1. e4 e5 2. Nf3 Nc6 3. Nc3 Bc5 4. Bc4 d6 5. O-O Nge7 6.
Ng5 O-O 7. Qf3 Qe8 8. d3 Nd4 9. Qg3 Ng6 10. Be3 Nxc2 11. Rad1 Nd4 12. Nd5 Ne2+ 13. Kh1 Nxg3+ 14. hxg3 Qd7 15. Nf3 c6 16. Bh6 cxd5 17. Bxd5 gxh6 18. Kg1 Qg4 19. Nh2 Qxg3 20. Rd2 Bh3 21. Kh1 Qxg2# 0-1

[Event "44th Chess Olympiad Women 2022"]
[Site "Chennai"]
[Date "2022.08.06"]
[Round "8.78"]
[White "Comas Colon, Rinelly M."]
[Black "Petricenco, Ana"]
[Result "0-1"]
[WhiteElo "1585"]
[BlackElo "1912"]
[Annotator "NA RC"]
[PlyCount "86"]
[EventDate "2022.??.??"]
[TimeControl "60"]

1. c4 c6 2. g3 d5 3. cxd5 cxd5 4. d4 Nf6 5. Bg2 Nc6 6. Nf3 Bf5 7. Nc3 e6 8. Ne5 Bd6 9. Nxc6 bxc6 10. O-O O-O 11. Bg5 Be7 12. Qa4 Qb6 13.
e4 dxe4 14. Nxe4 Nxe4 15. Bxe7 Rfe8 16. Ba3 Red8 17. Rad1 Rac8 18. Rfe1 Nf6 19. Be7 Rd7 20. Bxf6 gxf6 21. b3 Rd6 22. Rd2 Rcd8 23. Rc1 Rxd4 24. Rxd4 Rxd4 25. Qxc6 Rd2 26. Qxb6 axb6 27. a3 Rd3 28. b4 Rxa3 29. Bc6 Rb3 30. Rc4 Bd3 31. Rd4 Rb1+ 32. Kg2 Bf1+ 33. Kf3 Rb3+ 34. Kg4 e5 35. Rd7 Rxb4+ 36. f4 exf4 37. gxf4 h5+ 38. Kg3 Bb5 39. Rd8+ Kg7 40. Bf3 Rb3 41. Kf2 h4 42. Rb8 Bd7 43. Rb7 Rxf3+ 0-1

[Event "44th Chess Olympiad Women 2022"]
[Site "Chennai"]
[Date "2022.08.06"]
[Round "8.78"]
[White "Mihailova, Alina"]
[Black "Alvarado Perez, Coralys M."]
[Result "1/2-1/2"]
[WhiteElo "1926"]
[BlackElo "1471"]
[Annotator "NA"]
[PlyCount "111"]
[EventDate "2022.??.??"]
[TimeControl "60"]

1. d4 d5 2. Nf3 Nf6 3. c4 e6 4. g3 Be7 5. Bg2 O-O 6. O-O c5 7. cxd5 Nxd5 8. a3 cxd4 9. Nxd4 Bf6 10. e3 Nc6 11. Nxc6 bxc6 12. Qe2 Qb6 13. Rd1 Ba6 14. Qc2 Rad8 15. Nd2 g6 16. Nf3 Ne7 17. Ne1 Rxd1 18. Qxd1 Rd8 19. Qc2 c5 20. Rb1 Qa5 21. b4 cxb4 22. axb4 Qb5 23. Bb2 Bxb2 24. Qxb2 Qe2 25. Qxe2 Bxe2 26. Bf3 Bxf3 27. Nxf3 Nd5 28. Nd4 a6 29. h4 h5 30. Kg2 Kg7 31. Rb3 Rb8 32. b5 axb5 33. Rxb5 Rxb5 34. Nxb5 Ne7 35. f3 f6 36. e4 e5 37. g4 hxg4 38. fxg4 Nc6 39. Kg3 Nd8 40. Nc7 Nc6 41. h5 Kh6 42. Kh4 Ne7 43. Ne6 Ng8 44. Nf8 gxh5 45. gxh5 Kg7 46. Ng6 Nh6 47. Ne7 Kf7 48. Nd5 Kg7 49. Ne3 Nf7 50. Nf5+ Kh7 51. Kg4 Ng5 52. Ng3 Kg7 53. Kf5 Kh6 54. Kxf6 Nxe4+ 55. Nxe4 Kxh5 56. Kxe5 1/2-1/2

[Event "44th Chess Olympiad Women 2022"]
[Site "Chennai"]
[Date "2022.08.06"]
[Round "8.78"]
[White "Morales Santos, Natasha"]
[Black "Verbin, Valentina"]
[Result "0-1"]
[WhiteElo "1924"]
[BlackElo "2069"]
[Annotator "NA RC"]
[PlyCount "110"]
[EventDate "2022.??.??"]
[TimeControl "60"]

1. d4 Nf6 2. c4 e6 3. Nc3 Bb4 4. Qc2 O-O 5. a3 Bxc3+ 6. Qxc3 b6 7. Bg5 Bb7 8. e3 d6 9. Ne2 Nbd7 10. Qc2 c5 11. Rd1 Qc7 12. Nc3 a6 13.
f3 cxd4 14. Rxd4 Qc5 15. Bxf6 Nxf6 16. Qd2 Rfd8 17. Be2 e5 18. b4 Qc7 19. Rd3 Qxc4 20. Rxd6 Qc7 21. Rxd8+ Rxd8 22. Qb2 Rc8 23. Nd1 Nd5 24. Kf2 b5 25. Re1 f6 26. e4 Qb6+ 27. Kg3 Nf4 28.
Qb3+ Qe6 29. Qxe6+ Nxe6 30. Bf1 Rc1 31. Kf2 Ra1 32. Ne3 Rxa3 33.
Rd1 Nd4 34. Rc1 Bc6 35. Nf5 Nxf5 36. exf5 Bd7 37. g4 Kf7 38. Rc7 Ke7 39. Ra7 Kd6 40. Kg3 e4 41. Be2 exf3 42. Bd1 g6 43.
fxg6 hxg6 44. h4 Bc6 45. h5 gxh5 46. gxh5 Ra2 47. Bxf3 Ra3 48. h6 Rxf3+ 49. Kg4 Rf1 50. h7 Rh1 51. Kf5 Rh6 52. Rf7 Bd7+ 53. Ke4 Ke6 54. Rg7 Rh4+ 55. Ke3 Bc6 0-1

[Event "44th Chess Olympiad Women 2022"]
[Site "Chennai"]
[Date "2022.08.06"]
[Round "8.78"]
[White "Petrenko, Svetlana"]
[Black "Rivera Negron Yanira"]
[Result "1-0"]
[WhiteElo "2029"]
[BlackElo "1770"]
[Annotator "NA RC"]
[PlyCount "99"]
[EventDate "2022.??.??"]
[TimeControl "60"]

1. e4 e6 2. Qe2 c6 3. g3 d5 4. exd5 cxd5 5. d4 Nf6 6. Bg2 b6 7. Nc3 Ba6 8. Nb5 Qd7 9. a4 Nc6 10. Nf3 Ne4 11. O-O Be7 12. Nc7+ Qxc7 13. Qxa6 O-O 14. c3 Rfc8 15. Qe2 Rab8 16. Ne1 Nf6 17. b4 a5 18. b5 Nd8 19. Bb2 Nb7 20. Nd3 Nd7 21. Bxd5 exd5 22. Qxe7 Re8 23. Qg5 Qc4 24. Qd2 Nd6 25. f3 Re7 26. Ba3 Rbe8 27. Nf4 Ne4 28. fxe4 Rxe4 29. Bd6 h6 30. Qd3 Qxd3 31. Nxd3 Rc8 32. Ra3 Re3 33. Ne5 Nf6 34. Nc6 Rce8 35. Bf4 Re2 36. Ne5 Ne4 37. c4 f6 38. Nd7 dxc4 39. Nxb6 c3 40. Nd5 c2 41. Nc3 Nxc3 42. Rxc3 g5 43.
Bc1 Rd8 44. b6 Rb8 45. Rc6 Re4 46. Bb2 f5 47. Rxf5 c1=Q+ 48. Bxc1 Rxd4 49. Rxh6 Rxa4 50. Bb2 1-0

[Event "44th Chess Olympiad Women 2022"]
[Site "Chennai"]
[Date "2022.08.07"]
[Round "9.1"]
[White "Harika, Dronavalli"]
[Black "Socko, Monika"]
[Result "1/2-1/2"]
[WhiteElo "2517"]
[BlackElo "2416"]
[Annotator "TA"]
[PlyCount "81"]
[EventDate "2022.??.??"]
[TimeControl "60"]

1. Nf3 Nf6 2. d4 e6 3. c4 b6 4. a3 Ba6 5. Qc2 Be7 6. e4 {[%emt 0:04:35][%cal Ye2e4,Ye4e5] E12: Queen's Indian: Unusual
White 4th moves, 4 a3, 4 Nc3 Bb7 5 a3 and 4 Nc3 Bb7 .} d5 7.
e5 Nfd7 8. cxd5 {[%emt 0:08:04] White is
slightly better.} Bxf1 9. Kxf1 {[%emt 0:00:15] Threatens to
win with dxe6.} exd5 10. g3 Nf8 11. Nc3 Ne6 12. Kg2 O-O
{[%emt 0:00:40] [#]} 13. Be3 $146 ({Predecessor:} 13. b4 c6
14. h4 f5 15. Ne2 a5 16. Bd2 a4 17. Bg5 b5 18. Bxe7 Qxe7 19. Ng5 {1-0 (33)
Petran,P (2386)-Lorincz,I (2337) Budapest 2004}) 13... c6 {[%emt 0:08:00] [#]}
({Better is} 13... Qd7 $14) 14. h4 $1 $16 {[%emt 0:00:00][%cal Yf3g5,Yh2h4,
Yh4g5] White is more active.} Nd7 {[%emt 0:05:15] [#]} (14... Re8 $16 15. Ng5
Nf8) 15. Ng5 $1 $18 Bxg5 16. hxg5 g6 17. f4 Re8 18. Qe2 Ndf8 19. Qf3 a5 (19... Rb8 $142 20. g4 b5) 20. Rh6 b5 21. Nd1 {[%emt 0:01:12] Nf2 is the strong
threat.} b4 (21... c5 {might work better.}) 22. Nf2 bxa3 23. bxa3 ({Less strong is} 23.
Rxa3 Qb6 $16) 23... Qb6 24. Rah1 Qb2 25. f5 $2 (25. g4 $18) 25... Nxd4 $14 26. Bxd4 Qxd4 27. Ng4 $1 {
[%emt 0:03:18] White wants to mate with fxg6.} Qd2+ 28. Qf2 {
[%emt 0:00:37] Dancing on a razor blade.} Qxf2+ 29. Kxf2 {
[%emt 0:00:04] And now Nf6+ would win.} gxf5 30. Nf6+ Kg7 31. Nh5+ (31. Nxe8+ $14
Rxe8 32. Rxc6) 31... Kg8 32. Nf6+ ({But not} 
32. Rxc6 Reb8 $15) 32... Kg7 33. Nxe8+ Rxe8 34. Rxc6 {[%emt 0:00:12] Endgame KRR-KRN} Ne6 35. Rd1 d4 36. Ra6 Rb8 37. Rxa5 Rb2+ 38. Kf1 Rb3 {[%emt 0:00:45] Inhibits Rd3.} 39. Kf2 Rb2+ 40. Kf1 Rb3 41. Kf2 {
[%emt 0:30:53] Black defended with fortune. Weighted Error Value: White=0.20 
(precise) /Black=0.12 (very precise)} 1/2-1/2

[Event "44th Chess Olympiad Women 2022"]
[Site "Chennai"]
[Date "2022.08.07"]
[Round "9.1"]
[White "Kashlinskaya, Alina"]
[Black "Koneru, Humpy"]
[Result "1/2-1/2"]
[WhiteElo "2505"]
[BlackElo "2586"]
[Annotator "TA"]
[PlyCount "69"]
[EventDate "2022.??.??"]
[TimeControl "60"]

1. d4 Nf6 2. c4 e6 3. Nf3 d5 4. Nc3 Nbd7 5. Bg5 h6 6. Bh4 Be7 7. e3 O-O 8. Qc2 c5 9. dxc5 {[%emt 0:00:28] D61:
Queen's Gambit Declined: Classical: 7 Qc2.} Qa5 10. cxd5 Nxd5 11. Bxe7 Nxe7 12. Be2 Qxc5 13. O-O Nf6 14. Rac1 Bd7 {
[%emt 0:07:46] [#]} 15. Ne4 $146 ({Predecessor:} 15. Nd4 Qb6
16. Qb3 Qxb3 17. Nxb3 Rac8 18. Na5 b6 19. Nb3 a5 20. Nd4 Rc5 21. Nb3 {½-½ 
(49) Thorarinsson,P (2275)-Sargissian,G (2672) London 2017}) 15... Qxc2 16. Nxf6+ gxf6 17. Rxc2 Rfc8 {[%emt 0:00:47] Inhibits Rc7.} 18. Rd2 Be8 19. Nd4 Rc7 20. Rfd1 Rac8 21. Nb5 Bxb5 22. Bxb5 Rc1 23. Ba4 Nd5 24. Kf1 Nb6 25. Rxc1 Rxc1+ $11 {[%emt 0:00:07] Endgame KRB-KRN} 26. Rd1 Rc7 27. Bb3 Nc4 28.
Bxc4 Rxc4 {[%emt 0:00:06] KR-KR} 29. Rd7 Rc1+ 30. Ke2 Rc2+ 31. Rd2 Rc7 32. e4 Kf8 {[%emt 0:00:
00] The position is equal.} 33. Ke3 Ke7 34.
Kf3 Rc5 35. Ke3 {[%emt 0:00:14] Weighted
Error Value: White=0.07 (flawless) /Black=0.05 (flawless)} 1/2-1/2

[Event "44th Chess Olympiad Women 2022"]
[Site "Chennai"]
[Date "2022.08.07"]
[Round "9.1"]
[White "Kiolbasa, Oliwia"]
[Black "Vaishali R"]
[Result "1-0"]
[WhiteElo "2376"]
[BlackElo "2442"]
[Annotator "TA"]
[PlyCount "159"]
[EventDate "2022.??.??"]
[TimeControl "60"]

1. e4 e5 2. Nf3 Nc6 3. Bb5 a6 4. Ba4 Bc5 5. c3 Nge7 6. d4
{[%emt 0:01:56] C70: Ruy Lopez: 3...a6 4 Ba4, Norwegian and Delayed Schliemann.
} exd4 7. cxd4 Bb4+ 8. Nc3 {
[%emt 0:01:57] White is slightly better.} d5 9. O-O {[%emt 0:
00:00] Black must now prevent exd5.} dxe4 10. Nxe4 O-O 11. a3 Bd6 12.
h3 Bf5 13. Re1 Bg6 14. Bg5 {[%emt 0:07:20] Bxc6 is the strong threat.} f6 {[%emt 0:04:07]
[#]} 15. Nxd6 $146 (15. Bb3+ $14 Kh8 16. Bd2 (16. Nxd6 Qxd6
17. Be3 Nd5 $11)) ({Predecessor:} 15. Bd2 Bf7 16. Bc2 Qd7 17. Bc3 Bd5 18. Nh4
Bf7 19. Qd3 Ng6 20. Nxd6 cxd6 21. Nf5 {1-0 (58) Nijboer,F (2571)-Heberla,B 
(2487) Kusadasi 2006}) 15... Qxd6 $11 16. Bh4 Bf7 17. Bg3 (17. Qd3 {is interesting.} Bg6
18. Qc3 Nf5 19. Bxc6 Qxc6 20. Qxc6 bxc6 21. Rac1) 17... Qd7 18. Rc1 Rad8 19. b4 Nf5 20. Bf4 (20. Bxc6 $14 bxc6 21. Qd3) 20... Kh8 21. Qd3 b5 22.
Bc2 Bg6 23. Qc3 {[%emt 0:00:48]
Strongly threatening Bxf5.} (23. Qd1 {is more complex.} Ncxd4 24. Nxd4 Nxd4 25.
Bxg6 hxg6 26. Rxc7 Qd5 27. Qg4) 23... Ncxd4 24. Nxd4 ({Reject} 24. Qxc7 Nxf3+ 25. gxf3 Nh4 26. Qxd7 Nxf3+ 27. Kf1 Rxd7 $15)
24... Nxd4 25. Bxg6 hxg6 26.
Qxc7 Rf7 27. Qxd7 Rfxd7 28. Be3 Nf5 29. Bb6 Rb8 30. Rc6 Rd3 31. Ra1 Ne7 32. Re6 {
[%emt 0:00:00] aiming for Bc7.} Nd5 {[%emt 0:00:26] Prevents Bc7.} 33. Bc5 Nc3 34. Rxa6 Na4 35. Rd6 (35. Re1 $16) 35... Nxc5 36.
bxc5 $14 {[%emt 0:00:04] Endgame KRR-KRR} Rc3 37. c6 Rc8 38. Rb1 (38. Rd5 $1 $16) 38...
R3xc6 (38... Rxa3 $11 39. Rxb5 Rc3) 39. Rxc6 Rxc6 40. Rxb5 $11 {[%emt 0:00:03] KR-KR} Rc1+ 41. Kh2 Ra1 (41... Rc2 $16) 42. Ra5 $1 $18 g5 43. Kg3 (43. Ra8+ $18 {
has better winning chances.} Kh7 44. g3) 43... Ra2 (43... Rb1
$16 {is a better defense.} 44. a4 Kh7) 44. Kf3 $1 Kh7 45. Ke3 ({Better is} 45. Ra7 $18) 45... Kg6 (45... Rb2 $16 46. a4 Kg6) 46. Ra7 (46. Ra6 $1
$18) 46... Kf5 (46... Rb2 $1 $14) 47. g3 ({
Worse is} 47. Rxg7 Rxa3+ 48. Ke2 Ra2+ 49. Ke3 Ra3+ 50. Ke2 Ra2+ 51. Ke3 Ra3+
$11) (47. Kf3 $142) 47... Ke5 $16 48. Kf3 Kf5 49. a4 (49. Ra5+ $16 Ke6 50. Ra8) 49... Ra3+
$14 50. Kg2 Kg6 $2 (50...
Ra1 $14) 51. a5 $2 (51. g4 $1 $18) 51... Kh6 $2 (51... Kf5 $14) 52. a6 $18 Kg6 53. Ra8 Kf5 54. Kf1 (54. f3 $1 $18)
54... Ra2 (54... g4 $16) 55. a7 (55. f3 $1
$18) 55... Kg6 (55... g4 $16) 56. Ke1 Kf7 57. h4 $2 (57. f3 $18) 57... Kg6 $2 (57... gxh4 $11 {and Black stays safe.} 58. gxh4 Kg6) 58. h5+ Kf7 59. f4 $2 ({White should play} 
59. g4 $18) 59... gxf4 $11 60. gxf4 {[%emt 0:00:04] Hoping
for f5.} f5 61. Kd1 Ra1+ 62.
Ke2 Ra2+ $2 (62... Ra4 $1 $11 {and Black is
okay.} 63. h6 Kg6) 63. Kf3 $1 $18 {[%emt 0:00:05] And now Kg3 would win.} Ra3+ 64. Kg2 {[%emt 0:00:04] Threatens to win with Kf2.} Ra2+ $2 (64... Ra1 $11 65. Kf2 Ra3) 65. Kg3 $1 Ra4 {
[%emt 0:00:07] [#]} 66. Kh3 $2 ({White must play} 66. Kh4 $1
$18 {[%cal Rh4g5] White threatens Kg5 and mate.} Rxf4+ 67. Kg5 Rg4+ 68. Kxf5)
66... Ra3+ $2 (66... Ra2 $11 67. Kh4 Ra6) 67. Kh4 {[%emt 0:00:
06] White mates.} Ra4 68. Kg5 Ra5 {[%emt 0:
00:03] [#]} 69. h6 $1 gxh6+ 70. Kxh6 Ra6+ 71. Kg5 Kg7 72. Kxf5 Ra1 73. Ke5 Re1+ 74. Kd4 Rd1+ 75. Ke3 Re1+ 76. Kd2 Ra1 77. f5 Ra2+ 78. Kc3 Ra3+ 79. Kb2 Ra6 80. f6+ {[%emt 0:01:12] Weighted Error Value: White=0.44/Black=0.47} 1-0

[Event "44th Chess Olympiad Women 2022"]
[Site "Chennai"]
[Date "2022.08.07"]
[Round "9.1"]
[White "Tania, Sachdev"]
[Black "Malicka, Maria"]
[Result "1/2-1/2"]
[WhiteElo "2399"]
[BlackElo "2393"]
[Annotator "TA"]
[PlyCount "65"]
[EventDate "2022.??.??"]
[TimeControl "60"]

1. d4 Nf6 2. c4 e6 3. Nf3 d5 4. Nc3 c5 5. cxd5 Nxd5 6. e4 Nxc3 7. bxc3 cxd4 8. cxd4 Bb4+ 9. Bd2 Bxd2+ 10. Qxd2 O-O 11. Bc4 Nd7 12. O-O {
[%emt 0:00:27] D41: Queen's Gambit Declined: Semi-Tarrasch with 5 cxd5.} b6 13. Rac1 Bb7 14. Bd3 Rc8 15. Qe3 Qe7 16. e5 {[%emt 0:05:17] [#]} f6 $146 ({Predecessor:} 16...
h6 17. Nd2 Qg5 18. Qxg5 hxg5 19. Bb5 Nb8 20. Nc4 a6 21. Ba4 b5 22. Nd6 Rxc1 23.
Rxc1 {½-½ (32) Vlajkovic,G (2158)-Bodiroga,P (2331) Novi Sad 2018}) 17. Be4 Bxe4 18. Qxe4 fxe5 19. dxe5 Rxc1 20. Rxc1 Nc5 21. Qe2 Rd8 22. Rd1
{[%emt 0:00:47] Prevents Qd7.} h6 23. h4 Rxd1+ 24. Qxd1 Qd7 25. Qxd7 Nxd7 $11 {[%emt 0:00:05] Endgame KN-KN} 26. Kf1 Nc5 27. Ke2 Ne4 28. a3 ({Better is} 28. Nd4 $1 $14) 28... Nc3+ {[%emt 0:00:00] The
position is equal.} 29. Kd3 Nd1 30. Ke2 Nc3+ 31. Kd3 Nd1 32. Ke2 Nc3+ 33. Kd3 {[%emt 0:01:03]
Weighted Error Value: White=0.06 (flawless) /Black=0.05 (flawless)} 1/2-1/2

[Event "44th Chess Olympiad Women 2022"]
[Site "Chennai"]
[Date "2022.08.07"]
[Round "9.2"]
[White "Arabidze, Meri"]
[Black "Buksa, Nataliya"]
[Result "0-1"]
[WhiteElo "2426"]
[BlackElo "2401"]
[Annotator "TA"]
[PlyCount "74"]
[EventDate "2022.??.??"]
[TimeControl "60"]

1. d4 d5 2. c4 e6 3. Nc3 Nf6 4.
Nf3 Nbd7 5. Bf4 dxc4 6. e3 {[%emt 0:00:26] D37: Queen's Gambit Declined: 5 Bf4.} b5 7. Nxb5 Bb4+ 8. Nc3 {
[%emt 0:00:32] White is slightly better.} Nd5 9. a3 (9. Bxc4 Nxc3 10. bxc3 Bxc3+ 11. Nd2 Bxa1 12. Qxa1 O-O $17) 9... Nxc3 10. Qd2 {[%emt 0:00:30] Pin} Bxa3 11. Qxc3 (11. Rxa3 Nb1 12. Qc2 Nxa3 13. bxa3 c5 14. Bxc4 Qa5+ 15. Qd2
Qxd2+ 16. Kxd2 Nb6 $17) 11... Bd6 12. Bxd6 cxd6 13. Bxc4 O-O 14. d5 e5 15. O-O a5 {[%emt 0:22:45]
[#]} 16. Bb5 $146 ({Predecessor:} 16. Nd2 Bb7 17. b3 Qb6 18.
Ra2 Rfc8 19. e4 Rc5 20. Rfa1 Qd8 21. b4 axb4 22. Rxa8 Bxa8 23. Qxb4 {1-0 (37)
Giri,A (2764)-Kramnik,V (2753) chess24.com INT 2020}) 16... Qb6 17. Bc6 Rb8 18. Nd2 Nc5 $1 19. Nc4 (19. Qxa5 Qxa5 20. Rxa5 Ba6 $11)
19... Qd8 20. Nxa5 {[%emt 0:07:06] Threatens to win with b4.}
Ba6 21. Rfd1 {[%emt 0:01:49] Hoping for b4.} Qh4 {[%emt 0:00:
00] Prevents b4.} 22. f3 f5 23. g3 $2 (23. b3 $11 {and White has nothing to worry.}) 23... Qh6 $2 (23... Qh5 $1 $19 24. b4 Qxf3 25. bxc5 f4) 24. Rd2 {[%emt 0:00:
00][%cal Yd1d2,Yd2g2,Yg2g3] [#] Inhibits Be2.} Nd3 $1 25. f4
$1 $11 Nc5 {[%emt 0:01:34] Prevents Nb3.} 26. Rg2 (26. fxe5 $2 Ne4 27. Nc4 Nxc3 $19) 26... Ne4 $36 {[%emt 0:00:00] Black is
more active.} 27. Qc1 exf4 28. gxf4 Nc5 {[%emt 0:02:44] ...Rf6 is the strong threat.} 29. Qc3 ({Don't blunder} 29. Nc4 $2 Nb3 30. Qd1 Nxa1 $19) 29... Bd3 {[%emt 0:01:
29] And now ...Rf6 would win.} 30. b4 Be4 31.
Rg3 ({Wrong is} 31. bxc5 $2 Bxg2 32. Kxg2 Rf6 $19) 31... Nd3 {
[%emt 0:00:18] Strongly threatening ...Rf6. Really sharp!} 32. b5 $2 {[%emt 0:
01:00] [#]} (32. Nc4 $11 {and White stays safe.} Rf6 33. Nd2) 32... Rf6 $1 $19
{[%emt 0:00:23] ( -> ...Rg6)} 33. Rd1 $2 {[%emt 0:01:00] [#]} (33. Ra4) 33...
Rg6 $1 34. Rxd3 Rxg3+ 35.
hxg3 Qh1+ 36. Kf2 Qg2+ 37. Ke1 {[%emt 0:00:01][%cal Ya5c4] Black must now prevent Nc4!
} Bf3 {[%emt 0:00:04] Weighted Error Value: White=0.66/Black=0.26 (precise)}
0-1

[Event "44th Chess Olympiad Women 2022"]
[Site "Chennai"]
[Date "2022.08.07"]
[Round "9.2"]
[White "Batsiashvili, Nino"]
[Black "Muzychuk, Anna"]
[Result "1-0"]
[WhiteElo "2466"]
[BlackElo "2529"]
[Annotator "TA"]
[PlyCount "97"]
[EventDate "2022.??.??"]
[TimeControl "60"]

1. d4 Nf6 2.
c4 g6 3. Nc3 d5 4. cxd5 Nxd5 5. Bd2 Bg7 6. e4 Nxc3 7. Bxc3 O-O 8. Qd2 c5 {[%emt 0:00:30][%cal
Rc5d4] D85: Exchange Grünfeld: Unusual White 7th moves and lines with 7 Nf3.}
9. d5 e6 10. Bxg7 Kxg7 {
[%emt 0:00:07] [#] The position is equal.} 11. h4 $146 ({Predecessor:} 11. d6 Nc6 12. Nf3 e5 13. Rc1 Bg4 14. Rc3
Bxf3 15. Rxf3 Nd4 16. Rh3 h5 17. Bc4 Qxd6 {0-1 (51) Kunin,V (2557)
-Chatalbashev,B (2546) Ferreira do Alentejo 2018}) 11... exd5 12. O-O-O (12. exd5 $11 {keeps the balance.} h5 13. Ne2) 12...
Nc6 (12... d4 $17 {Strongly threatening ...h5.} 13. h5 g5 14.
h6+ Kh8) 13. h5 $11 g5 14. h6+ Kg8 (14... Kh8 $5 ) 15. exd5 Nd4 16. Nf3 Bg4 17.
Nxd4 Bxd1 18. Nf5 ({White
should play} 18. Qxd1 $14 cxd4 19. Qxd4) 18... Bg4 19. Ne3 Bd7 20. Qc3 (20. Bd3 $15)
20... f6 $17 21. Bd3 b5 22.
Qc2 Rf7 {[%emt 0:02:20] [#]} (22... Qe7 $15 {stays ahead.})
23. Bg6 $1 $16 {[%emt 0:00:50] White is more active.} Qf8 (
23... hxg6 $2 24. Qxg6+ Kf8 25. h7 $18) (23... Qe8 24. Bh5) 24. Bxf7+ Qxf7 25. Rd1 (25. Qxc5 $2 Rc8 26.
Qxc8+ Bxc8 $19) 25... Qg6 (25... Re8 $14) 26. Qxg6+ $1 hxg6 {[%emt 0:00:01] Endgame KRB-KRN} 27. d6 $1 Re8 (27... Kh7 $16 {keeps fighting.}) 28. Nd5 $18 Re6 29. f4 (29. Nc7 $18 {has better
winning chances.} Re2 30. Na6) 29... g4 (29... gxf4 $16 {
might work better.} 30. Nxf4 Re8) 30. Nc7 Re2 31. Na6 $2 (31. g3 $1 $18) 31... Bf5 {[%emt 0:00:00] [#]} (
31... Rxg2 $11 32. Nxc5 Bf5) 32. Rd5 ({Reject} 32. h7+ $6 Kxh7
33. Rd5 Rxg2 34. Rxf5 (34. d7 Rg1+ 35. Kd2 Bxd7 $11) 34... gxf5 $11) (32. Rd3
$1 $16 {Threatens to win with d7.} Rxg2 33. d7 Bxd7 34. Rxd7) 32... Rxg2 ({Black should try} 32... Rc2+ $14 33. Kd1 Rxg2) 33. d7 $16 Bxd7 34. Rxd7 {[%emt 0:00:00] KRN-KR} g3 $2 {
[%emt 0:01:14] This costs Black the game.} (34... Rf2 $16) 35. Rg7+ $18 Kh8 36. Rxg6 ({Worse is} 36.
Nxc5 Rf2 37. Rxg6 g2 $17) 36... Kh7 37. f5 ({
Wrong is} 37. Rxf6 $2 Rg1+ 38. Kc2 g2 39. Rf7+ Kxh6 40. Rf6+ Kh7 41. Rf7+ Kg6
$19) 37... c4 (37... Rf2) 38. Nb4 $2 (38. Nb8
{White threatens Nd7 and mate.} Rf2 39. Nd7 Rf1+ 40. Kd2 Rxf5 41. Nf8+ Kh8 42.
Rg7) 38... Rf2 {[%emt 0:00:17] And now . ..g2 would win.} 39. Rxg3 a5 40. Nc6 Rf1+ 41. Kc2 Rf2+ (41... Rxf5 $142 42. Nxa5 Kxh6) 42. Kc3 b4+ 43. Kxc4 Rc2+ 44. Kd5 {[%emt 0:00:00] Hoping for Ne7.} Rxb2 45. Ke6
{[%emt 0:00:00] White mates.} a4 46. Kxf6 b3 47. axb3 Rxb3 48. Rg7+ Kxh6 49. Rg4 {[%emt 0:00:00] Weighted Error
Value: White=0.35/Black=0.64} 1-0

[Event "44th Chess Olympiad Women 2022"]
[Site "Chennai"]
[Date "2022.08.07"]
[Round "9.2"]
[White "Muzychuk, Mariya"]
[Black "Dzagnidze, Nana"]
[Result "1/2-1/2"]
[WhiteElo "2540"]
[BlackElo "2531"]
[Annotator "TA"]
[PlyCount "38"]
[EventDate "2022.??.??"]
[TimeControl "60"]

1. e4 c5 2. Nf3 d6 3. Bb5+ Nd7 4.
O-O a6 5. Bd3 Ngf6 6. c3 {[%emt 0:00:30] B51: Sicilian: Moscow Variation (3 Bb5+) without
3...Bd7.} b5 7. a4 Bb7 8.
Re1 {[%emt 0:00:54] [#]} Rb8 $146 (8... e6 $11 {remains equal.
}) ({Predecessor:} 8... c4 9. Bc2 e6 10. d4 cxd3 11. Qxd3 Nc5 12. Qe2 bxa4 13.
Be3 Nfd7 14. Bxc5 Nxc5 15. Rxa4 {0-1 (44) Donchenko,A (2652)-Indjic,A (2607)
Chess.com INT 2021}) 9. axb5 $16 axb5 10.
Bxb5 {[%emt 0:04:18] Hoping for Ra7.} Bxe4 11. Na3 {[%emt 0:
00:00] And now d4 would win.} e6 {[%emt 0:06:27] [#]} 12. d4 $1 {[%emt 0:01:59]
Threatens to win with dxc5.} Bxf3 13. Qxf3 {[%emt 0:03:01]
aiming for dxc5.} cxd4 {[%emt 0:00:07] [#]} 14. Qg3 {[%emt 0:19:37] 0x0.
0020aa6020e1dp-1022s more active pieces. The black rooks are badly placed.} (
14. c4 $1 $16) 14... dxc3 {[%emt 0:08:13] The position is equal.} 15. bxc3 ({Much worse is} 15. Qxc3 Be7 16. Qg3 O-O $17) 15... Nh5 16. Qf3 Nhf6 17. Qg3 Nh5 18. Qf3 Nhf6 19. Qg3 Nh5 {[%emt 0:00:52] Weighted Error Value:
White=0.11 (very precise) /Black=0.17 (very precise)} 1/2-1/2